 Dungeon Crawl Stone Soup version 0.17-a0-2074-gaf3f87d (webtiles) character file.

109 Ordine the Changer (level 4, -3/38 HPs)
             Began as a Naga Transmuter on Oct 15, 2015.
             Killed from afar by Sigmund (9 damage)
             ... with a magic dart
             ... on level 3 of the Dungeon.
             The game lasted 00:10:57 (3717 turns).

Ordine the Changer (Naga Transmuter)                Turns: 3717, Time: 00:10:57

Health: -3/38      AC:  3    Str: 13    XL:     4   Next: 89%
Magic:  5/7        EV: 10    Int: 14    God:
Gold:   214        SH:  0    Dex: 15    Spells: 3 memorised, 1 level left

rFire  . . .     SeeInvis +       - Unarmed
rCold  . . .     Clarity  .     b - +0 robe
rNeg   . . .     SustAt   .     (no shield)
rPois  +         Gourm    .     (no helmet)
rElec  .         Spirit   .     l - +0 cloak
rCorr  .         Warding  .     (no gloves)
rMut   .         Stasis   .     (no barding)
MR     .....                    (no amulet)
Stlth  +.........               (no ring)
                                e - +4 ring of dexterity

@: very slow, not resistant to hostile enchantments, very unstealthy
A: see invisible, deformed body, poison resistance, slowness 2, slow metabolism
1, spit poison 2, AC +1
a: Spit Poison


You were on level 3 of the Dungeon.
You were not hungry.

You visited 1 branch of the dungeon, and saw 3 of its levels.

You collected 214 gold pieces.

Inventory:

Missiles
 a - 30 arrows
Armour
 b - a +0 robe (worn)
 l - a +0 cloak (worn)
 p - a +1 helmet
Jewellery
 e - a +4 ring of dexterity (left hand)
Potions
 f - a potion of magic
Books
 c - a book of Changes

   Spells                             Type                      Level
   a - Beastly Appendage              Transmutation                1
   b - Sticks to Snakes               Transmutation                2
   c - Spider Form                    Transmutation/Poison         3
   d - Ice Form                       Ice/Transmutation            4
   e - Blade Hands                    Transmutation                5
Comestibles
 d - a bread ration
 g - a fruit
 j - a slice of pizza


   Skills:
 - Level 1.0 Fighting
 - Level 1.5 Dodging
 - Level 3.0 Unarmed Combat
 - Level 2.0 Spellcasting
 + Level 4.9 Transmutations


You had one spell level left.
You knew the following spells:

 Your Spells              Type           Power        Failure   Level  Hunger
a - Beastly Appendage     Trmt           ###...       3%          1    ##.....
b - Sticks to Snakes      Trmt           ###.......   6%          2    ###....
c - Spider Form           Trmt/Pois      #.........   30%         3    ####...


Dungeon Overview and Level Annotations

Branches:
Dungeon (3/15)

Altars:
Gozag
Nemelex Xobeh
Xom

Annotations:
D:3 Ijyb, Sigmund


Innate Abilities, Weirdness & Mutations

You cannot wear boots.
Your serpentine skin is tough (AC +1).
You have supernaturally acute eyesight.
Armour fits poorly on your strangely shaped body.
Your system is resistant to poisons.
You cover ground very slowly.
You have a slow metabolism.
You can spit poison.


Message History

Your adder bites Ijyb but does no damage.
Your adder bites Ijyb.
What do you say? t - Shout!
Orders for allies: a - Attack new target. r - Retreat! s - Stop attacking. w - Wait here. f - Follow me.
Anything else - Stay silent.
Wait here!
Your ball python bites Ijyb but does no damage.
Your ball python constricts Ijyb.
Your adder bites Ijyb.
Your adder bites Ijyb.
Ijyb closely misses your adder. Something hits your adder!
You are starting to lose your buoyancy.
Your horns disappear.
You feel a little less clever now.
You float gracefully downwards.
Your magical contamination has completely faded away.
Sigmund gestures at you while chanting. The magic dart hits you!
You die...

#.##.###..)...).. #####
#..#.##..........
####...######...............
##....PPPPP.#.@..............
##.....P...P...##.##..........
#<.....P...P...##.##..........
#......P...P..................
#......PPP.P......(........#.
#...()(.((.).@..............
#......).....[).......#....
##......>........(.......
##..........#...###.....
############.### #.... #.# #..
#.# .. #.# #.#


You could see Sigmund.

Vanquished Creatures
  Robin (D:3)
  2 adders (D:2)
  An ooze (D:1)
  A worm (D:2)
  3 orcs
  7 bats
  5 giant cockroaches
  23 goblins
  9 hobgoblins
  A ball python (D:2)
  2 giant geckos (D:1)
  3 giant newts
  7 kobolds
  8 rats
  A fungus (D:3)
74 creatures vanquished.

Notes
Turn   | Place    | Note
--------------------------------------------------------------
     0 | D:1      | Ordine the Naga Transmuter began the quest for the Orb.
     0 | D:1      | Reached XP level 1. HP: 18/18 MP: 3/3
   386 | D:1      | Reached XP level 2. HP: 4/25 MP: 5/5
   666 | D:1      | Learned a level 2 spell: Sticks to Snakes
   704 | D:1      | Found a shimmering altar of Xom.
  1051 | D:1      | Reached XP level 3. HP: 16/31 MP: 6/6
  1297 | D:1      | Learned a level 3 spell: Spider Form
  1820 | D:2      | Found a sparkling altar of Nemelex Xobeh.
  1840 | D:2      | Reached skill level 4 in Transmutations
  2006 | D:2      | Reached XP level 4. HP: 38/38 MP: 7/7
  2698 | D:2      | Found an opulent altar of Gozag.
  2836 | D:3      | Noticed Robin
  3377 | D:3      | Killed Robin
  3661 | D:3      | Noticed Ijyb
  3669 | D:3      | Noticed Sigmund
  3717 | D:3      | Killed from afar by Sigmund

Vault maps used:
D:1:      onia_arrival_mini_maze, xom_teletrap_fun
D:2:      nicolae_gozag_cash_rules_everything_around_me,
          nemelex_xobeh_ov_fountains_minmay
D:3:      gup_sewer_entry_pipe, minmay_gold_behind_fungi, uniq_purgy,
          uniq_robin, uniq_sigmund, uniq_iyjb, uniq_grinder

Action                   |  1- 3 |  4- 6 || total
-------------------------+-------+-------++-------
Melee: Unarmed           |   136 |   117 ||   253
 Cast: Beastly Appendage |     6 |     7 ||    13
       Sticks to Snakes  |       |     3 ||     3
  Use: Scroll            |     5 |     3 ||     8
       Potion            |       |     4 ||     4
 Stab: Invisible         |       |     2 ||     2
  Eat: Chunk             |     2 |     3 ||     5
       Beef jerky        |       |     1 ||     1
